Map: [ESL] Royal Blood

Players

Erik

  • Race: Zerg Zerg
  • Spawn Location: 7:00

Cham - Winner!

  • Race: Zerg Zerg
  • Spawn Location: 1:00

Event: ESL SC2 Masters 2023 Summer (Regionals)

VOD

Have the link to the VOD?

Description

Time

  • Played on: May 13, 2023, 2:01 p.m.
  • Length: 10:29

All games in this series

Show
View Real Time Build Order
Export as new Build Order

Erik Zerg 

Build Orders: Hatch First 

Get SALT Encoding   

  12  0:00  Drone  
  13  0:08  Drone  
  14  0:14  Extractor  
  14  0:15  Drone  
  15  0:36  Hatchery  
  14  0:43  Extractor, Drone  
  15  0:50  Overlord  
  15  1:03  Spawning Pool  
  14  1:09  Drone  
  14  1:10  Drone  
  16  1:13  Drone  
  17  1:20  Drone  
  17  1:22  Extractor  
  17  1:30  Drone  
  18  1:41  Drone  
  19  1:50  Zergling x2  
  19  1:51  Queen x2  
  19  1:54  Drone  
  25  1:59  Drone  
  26  2:03  Overlord  
  26  2:09  Drone  
  26  2:14  Drone  
  28  2:27  Drone x2  
  28  2:29  Lair  
  30  2:34  Extractor  
  29  2:40  Overlord  
  29  2:41  Drone  
  29  2:42  Roach Warren  
  29  2:44  Drone  
  30  2:51  Drone  
  30  2:54  Drone  
  32  2:58  Drone  
  32  3:01  Drone  
  32  3:03  Drone  
  32  3:04  Drone x3  
  38  3:11  Drone x2  
  39  3:13  Drone  
  40  3:20  Overlord  
  40  3:26  Glial Reconstitution  
  40  3:28  Drone  
  40  3:31  Drone  
  40  3:33  Evolution Chamber  
  41  3:35  Extractor, Drone x3  
  41  3:39  Overlord  
  43  3:43  Overlord  
  43  3:50  Roach x3  
  43  3:52  Roach  
  51  3:58  Zerg Missile Weapons Level 1  
  51  4:00  Drone  
  51  4:02  Drone  
  53  4:03  Extractor  
  53  4:05  Overseer  
  53  4:08  Roach x2  
  58  4:10  Roach  
  58  4:15  Drone x3  
  61  4:20  Roach  
  61  4:21  Roach  
  65  4:28  Overlord  
  65  4:29  Roach  
  67  4:41  Overlord  
  67  4:47  Roach, Hatchery  
  67  4:48  Roach  
  70  4:54  Roach  
  70  4:55  Roach x2  
  74  5:09  Roach  
  74  5:13  Overlord  
  72  5:20  Overlord  
  68  5:24  Roach x4  
  68  5:25  Roach  
  74  5:31  Tunneling Claws  
  74  5:33  Burrow  
  74  5:35  Roach x4  
  78  5:43  Drone  
  78  5:45  Queen  
  78  5:46  Drone  
  84  5:50  Roach  
  84  6:00  Roach x6  
  96  6:04  Zerg Missile Weapons Level 2  
  96  6:10  Drone x2  
  98  6:11  Overlord  
  98  6:18  Overlord  
  98  6:21  Pneumatized Carapace  
  98  6:24  Overlord  
  98  6:31  Roach x4  
  106  6:36  Drone x3  
  106  6:37  Drone  
  110  6:44  Roach x3  
  110  6:46  Roach x3  
  116  6:53  Roach x7  
  118  7:01  Roach x3  
  118  7:03  Overlord  
  118  7:06  Roach x3, Overlord  
  118  7:16  Overlord x2  
  118  7:17  Overlord  
  118  7:22  Roach x4  
  116  7:23  Roach  
  116  7:24  Roach x9  
  130  7:34  Roach x2  
  120  7:45  Roach  
  120  7:46  Roach  
  120  7:48  Roach x4  
  116  7:52  Roach x2  
  116  7:53  Ravager  
  116  7:54  Ravager x4  
  125  8:00  Roach  
  123  8:07  Roach x21  
  141  8:19  Roach x3  
  147  8:20  Zerg Ground Armor Level 1  
  147  8:31  Roach x3  
  147  8:32  Drone  
  147  8:33  Drone x4  
  158  8:37  Roach x2  
  144  8:51  Roach x7  
  144  8:54  Roach x4  
  144  8:55  Overseer  
  134  9:05  Roach  
  134  9:06  Roach x6  
  145  9:12  Roach  
  145  9:13  Roach x2  
  139  9:26  Roach x6  
  151  9:34  Extractor  
  151  9:35  Extractor  
  151  9:36  Roach x4  
  131  9:48  Roach  
  131  9:49  Roach x5  
  121  10:07  Roach x7  
  129  10:21  Roach Warren  
Show
View Real Time Build Order
Export as new Build Order

Cham Zerg - Winner!

Build Orders: Hatch First 

Get SALT Encoding   

  12  0:00  Drone  
  13  0:12  Overlord  
  13  0:17  Drone  
  14  0:31  Drone x2  
  16  0:50  Hatchery  
  16  0:51  Drone  
  16  0:55  Drone  
  17  1:09  Spawning Pool  
  16  1:12  Drone  
  16  1:15  Extractor  
  16  1:16  Drone  
  17  1:20  Drone  
  18  1:29  Drone  
  19  1:40  Drone  
  20  1:52  Overlord  
  20  1:58  Queen  
  22  2:02  Queen  
  22  2:04  Drone  
  22  2:05  Zergling x2, Baneling Nest  
  25  2:13  Zergling x2  
  26  2:15  Drone  
  27  2:26  Drone  
  27  2:27  Overlord  
  28  2:33  Queen  
  30  2:38  Drone x2  
  32  2:53  Drone  
  32  2:54  Drone  
  32  2:58  Drone x2  
  36  3:11  Hatchery  
  35  3:13  Drone x2  
  35  3:19  Drone x2  
  39  3:20  Overlord  
  39  3:23  Drone  
  39  3:27  Drone x2  
  43  3:34  Drone x2  
  43  3:35  Evolution Chamber  
  43  3:39  Roach Warren  
  42  3:43  Extractor, Drone  
  42  3:44  Extractor  
  42  3:48  Drone x2  
  43  3:49  Drone  
  43  3:52  Overlord  
  43  3:55  Drone  
  45  4:00  Lair  
  45  4:03  Zerg Missile Weapons Level 1  
  45  4:05  Drone  
  45  4:08  Drone  
  47  4:12  Overlord  
  47  4:14  Drone x2  
  49  4:19  Roach  
  49  4:20  Roach  
  49  4:22  Roach  
  55  4:27  Roach x2  
  55  4:30  Roach  
  60  4:34  Roach  
  60  4:36  Roach  
  60  4:38  Roach  
  66  4:40  Roach  
  66  4:42  Roach  
  70  4:48  Roach  
  70  4:49  Roach  
  74  5:02  Roach  
  74  5:03  Overlord x2  
  71  5:10  Drone x2  
  71  5:12  Drone  
  71  5:13  Drone, Overlord x2  
  73  5:14  Glial Reconstitution  
  73  5:19  Roach  
  73  5:27  Overlord  
  73  5:28  Overlord  
  69  5:29  Drone x2  
  69  5:33  Roach x2  
  75  5:38  Roach  
  77  5:43  Roach  
  77  5:45  Roach  
  77  5:49  Roach  
  83  5:55  Roach x2  
  87  5:57  Overseer  
  87  5:59  Zerg Missile Weapons Level 2  
  87  6:00  Roach  
  89  6:05  Roach x3  
  89  6:06  Roach  
  89  6:10  Roach  
  99  6:15  Roach x3  
  99  6:16  Roach  
  107  6:20  Roach  
  107  6:21  Roach  
  107  6:23  Roach  
  113  6:26  Overlord  
  113  6:30  Roach  
  113  6:31  Roach  
  117  6:34  Roach  
  117  6:35  Roach  
  121  6:46  Drone x7  
  128  6:50  Extractor  
  128  6:51  Roach  
  129  6:57  Overlord x2  
  129  7:02  Overlord  
  129  7:03  Tunneling Claws  
  129  7:05  Burrow  
  129  7:10  Drone x2  
  126  7:20  Overseer  
  126  7:22  Roach x5  
  133  7:26  Roach x2  
  133  7:29  Drone x2  
  134  7:38  Drone x2  
  134  7:39  Drone x2  
  134  7:44  Roach x3  
  139  7:52  Roach x4  
  139  7:56  Overlord  
  147  8:09  Roach x3  
  147  8:11  Overlord  
  153  8:14  Queen  
  153  8:15  Zerg Ground Armor Level 1  
  153  8:18  Roach  
  157  8:21  Roach x21  
  157  8:24  Roach x2  
  161  8:29  Overlord x2  
  161  8:32  Roach x2  
  165  8:42  Roach x13  
  159  8:49  Roach  
  159  8:50  Roach x3  
  159  8:51  Roach x27  
  159  8:53  Roach x33  
  159  8:54  Roach  
  159  9:02  Roach  
  159  9:03  Roach  
  159  9:06  Roach  
  159  9:08  Queen x2  
  159  9:09  Queen  
  165  9:17  Roach x3  
  169  9:25  Roach x3  
  169  9:28  Queen  
  163  9:38  Roach x3  
  153  9:55  Roach x43  
  153  9:56  Roach  
  153  9:57  Roach x4  
  161  10:02  Roach  
  156  10:07  Drone x5  
  156  10:09  Roach x2  
  156  10:10  Roach  
Tags
 
Add a new tag
Caveats
  • Supply blocks, unpowered buildings, or Contaminate may cause inaccurate times.
  • Supply counts are checked every 10 seconds.